AoeStats
← frestrepo.7

Arabia

505555831Analyzed
2v2 RM · 22d ago on Sep 10, 2026· 28m 49s· 4 players
Game mode
Random Map
Map size
Medium (4 player)
Population
200
Speed
Normal
Resources
Standard
Victory
Conquest
Starting age
Dark Age
Ending age
Imperial Age
RankedLock teamsTeams togetherTeam positionsShared explorationLock speedFull tech treeHidden civsTurbo modeCheats
Victory
Defeat
🇨🇳 Mongols · China
857
+36
🇺🇾 Hindustanis · Uruguay
843
+17
🇨🇴 Aztecs · Colombia
899
-51
🇺🇸 Franks · United States
853
-27
alex_anz
8:36 Loom
10:42 Feudal Age
10:50 Man-at-Arms
16:12 Loom
19:41 Castle Age
17:55 Double-Bit Axe
22:29 Bow Saw
24:30 Fletching
27:02 Bodkin Arrow
27:07 Padded Archer Armor
流口水
10:14 Feudal Age
11:01 Double-Bit Axe
12:48 Wheelbarrow
18:54 Wheelbarrow
18:09 Horse Collar
19:32 Bloodlines
19:17 Arson
21:07 Scale Barding Armor
21:13 Forging
25:00 Castle Age
25:55 Gold Mining
25:55 Stone Mining
26:29 Husbandry
26:50 Squires
frestrepo.7
13:36 Feudal Age
14:14 Loom
22:58 Double-Bit Axe
24:57 Wheelbarrow
danielirurita
14:21 Feudal Age
16:49 Man-at-Arms
Connection lost

Rejoining the realm…

Still unreachable

The connection could not be restored.

Session expired

The server has moved on; the page needs a fresh start.